[Event "*** Titled Tuesday Blitz"]
[Site "Chess.com"]
[Date "2020.05.19"]
[Round "2"]
[White "BanjoKazooieN64"]
[Black "mishikomchedlishvili"]
[Result "0-1"]
[WhiteElo "2535"]
[BlackElo "2859"]
[TimeControl "180+1"]
[EndTime "12:19:23 PDT"]
[Termination "mishikomchedlishvili won by resignation"]

1. e4 c5 2. d4 cxd4 3. c3 dxc3 4. Nxc3 Nc6 5. Nf3 e6 6. Bc4 Bb4 7.
O-O Nge7 8. Bf4 O-O 9. Bd6 Bxd6 10. Qxd6 a6 11. a4 b6 12. Rad1 Ng6 13. e5 Ra7 14.
Bd3 Qc7 15. Bxg6 hxg6 16. Ne4 a5 17. Rfe1 Qxd6 18. Rxd6 f6 19. Nc3 Ba6 20. Nb5 Rb7 21. h4 Bxb5 22. axb5 Nb4 23. Red1 Nd5 24. Nd2 Kf7 25.
Nc4 Ke7 26. exf6+ gxf6 27. Re1 Rc8 28. Nxa5 bxa5 29. Rxd5 Rcb8 30. h5 g5 31. h6 Rxb5 32. Rxb5 Rxb5 33. h7 Rb8 34. Ra1 Rh8 35. Rxa5 Rxh7 36.
Rb5 Rh8 37. g4 Rc8 38. Kg2 Rc4 39. Kg3 Kd6 40. f3 Rc1 41. Rb8 Rc4 42. Kf2 Kc7 43. Rf8 Rf4 44. Ke3 d5 45. Re8 e5 46. Re6 Kd7 47. Rb6 d4+ 48. Ke2 d3+ 49. Kxd3 Rxf3+ 50. Ke4 Rf4+ 51. Kd5 Ke7 52. Rb7+ Kf8 53. Ke6 e4 54. Rb3 Kg7 55. Rg3 Rf3 56. Rg2 Kg6 57. Re2 Rf4 58.
Rg2 e3 59. Re2 Rxg4 60. Rxe3 Rb4 61. b3 g4 62. Rc3 f5 63. Ke5 Kg5 64. Rc8 Rb5+ 65.
Ke6 Rxb3 66. Rg8+ Kf4 67. Rf8 Re3+ 68. Kd5 g3 69. Kd4 Re4+ 70. Kd3 g2 71. Rg8 Kf3 72.
Rg5 f4 73. Kd2 Re2+ 74. Kd1 Re3 75. Rg6 Kf2 76. Kd2 f3 0-1

[Event "*** Titled Tuesday Blitz"]
[Site "Chess.com"]
[Date "2020.05.19"]
[Round "2"]
[White "rpragchess"]
[Black "turayev_shahruh17"]
[Result "1-0"]
[WhiteElo "2827"]
[BlackElo "2527"]
[TimeControl "180+1"]
[EndTime "12:19:23 PDT"]
[Termination "rpragchess won by checkmate"]

1. e4 e5 2. Nf3 Nc6 3. Bb5 f5 4. Nc3 fxe4 5. Nxe4 d5 6. Nxe5 dxe4 7. Nxc6 Qg5 8. Qe2 Nf6 9. f4 Qh4+ 10. g3 Qh3 11.
Nxa7+ Bd7 12. Bxd7+ Qxd7 13. Nb5 c6 14. Nc3 O-O-O 15.
b3 Bb4 16. a3 Bxc3 17. dxc3 e3 18. O-O Rhe8 19. c4 Qd4 20. Rb1 Ne4 21. Bxe3 Nc3 22. Qg4+ Qd7 23. Qxd7+ Rxd7 24. Rbe1 Rde7 25. Bf2 Re2 26.
Kg2 Rxe1 27. Rxe1 Rxe1 28. Bxe1 Ne2 29. Bf2 Kd7 30. Kf3 Nc3 31. Bd4 Nb1 32. a4 Na3 33. Bxg7 Nxc2 34. Bc3 Na3 35. g4 Ke6 36. h4 Nb1 37.
Bb4 b6 38. c5 bxc5 39. Be1 Na3 40. Bc3 Nb1 41. Be1 Na3 42. a5 c4 43. bxc4 Nxc4 44.
a6 Nb6 45. a7 Na8 46. Bf2 Kf6 47. Bd4+ Ke6 48. Ke4 Kd6 49. f5 Ke7 50. Bc5+ Kf6 51. g5+ Kf7 52. Ke5 Nc7 53. h5 Na8 54. g6+ hxg6 55.
hxg6+ Kg7 56. Bd4 Nc7 57. Kd6+ Kf8 58. Kxc7 Ke8 59. Kd6 c5 60. a8=Q# 1-0

[Event "*** Titled Tuesday Blitz"]
[Site "Chess.com"]
[Date "2020.05.19"]
[Round "2"]
[White "archess2"]
[Black "GameOverBro"]
[Result "0-1"]
[WhiteElo "2287"]
[BlackElo "2534"]
[TimeControl "180+1"]
[EndTime "12:19:23 PDT"]
[Termination "GameOverBro won by checkmate"]

1. d4 d6 2. c4 Nf6 3. Nc3 Nbd7 4.
e4 e5 5. Nf3 Be7 6. Be2 c6 7. O-O a5 8. d5 Nc5 9. Bd3 Nxd3 10.
Qxd3 O-O 11. Ne1 cxd5 12. cxd5 Nd7 13. Qe3 h6 14. Nd3 Bg5 15. f4 exf4 16. Nxf4 Ne5 17.
Qg3 Bh4 18. Qe3 Ng4 19. Qe2 Bf6 20. h3 Bd4+ 21. Kh1 Qh4 22. Qf3 Nf2+ 23. Kh2 Ng4+ 24. Kh1 Ne5 25. Qd1 Bf2 26. Nce2 g5 27. Nh5 Bxh3 28.
Nf6+ Kg7 29. Rxf2 Qxf2 30. Nh5+ Kg6 31. gxh3 Nf3 32. Nhf4+ gxf4 33. Bxf4 Nh4 34. Qf1 Qxf1+ 35. Rxf1 Rad8 36. Nd4 Rfe8 37. Re1 Kh7 38. Nb5 f5 39.
Nxd6 Rxd6 40. Bxd6 fxe4 41. Bc7 Nf3 42. Re2 Nd4 43.
Re3 Nf5 44. Re1 Re7 45. d6 Rd7 46. Rxe4 Kg6 47. Re6+ Kf7 48. Re5 Kf6 49. Rxa5 Nxd6 50. Bxd6 Rxd6 51. Rb5 b6 52. Kg2 Ke7 53. a4 Kd7 54. b4 Kc6 55. Rh5 Kb7 56. Kf3 Rd4 57.
Rxh6 Rxb4 58. Rh7+ Ka6 59. h4 Rxa4 60. h5 b5 61. h6 b4 62. Rd7 b3 63. Kg3 b2 64. h7 b1=Q 65. h8=Q Qb3+ 66. Kf2 Ra2+ 67.
Ke1 Qe3+ 68. Kd1 Qe2+ 69. Kc1 Qc2# 0-1

[Event "*** Titled Tuesday Blitz"]
[Site "Chess.com"]
[Date "2020.05.19"]
[Round "2"]
[White "PavlovDanila"]
[Black "jlandaw"]
[Result "0-1"]
[WhiteElo "2664"]
[BlackElo "2481"]
[TimeControl "180+1"]
[EndTime "12:19:24 PDT"]
[Termination "jlandaw won by resignation"]

1. e4 e5 2. Nf3 Nc6 3. Bb5 a6 4. Bxc6 dxc6 5. O-O Qf6 6. d4 exd4 7. Qxd4 Qxd4 8.
Nxd4 Bd7 9. Bf4 O-O-O 10. Nc3 g6 11.
Rad1 Bg7 12. Nb3 b6 13. Be3 Bxc3 14. bxc3 Ne7 15. f3 c5 16. Rd2 Be6 17. Rfd1 Nc6 18.
Bg5 Rxd2 19. Rxd2 Re8 20. Bf6 Bc4 21. Kf2 Re6 22. Bg5 Na7 23. Rd8+ Kb7 24. Ke3 Nb5 25.
Kd2 Rd6+ 26. Rxd6 cxd6 27. Bf6 Kc6 28. Ke3 Kd7 29. g4 Ke6 30. g5 d5 31. exd5+ Kxd5 32. h4 Na3 33. Kd2 a5 34. Nc1 a4 35. Bd8 Nb1+ 36. Ke3 Nxc3 37. Bxb6 Nxa2 38. Nxa2 Bxa2 39. Ba5 Bc4 40. Kd2 a3 41. Kc1 Be2 42. f4 Ke4 43.
Bc7 Kf5 44. Kb1 Kg4 45. Bd6 Bc4 46. Ka1 a2 47. Kb2 Kxh4 48. Bxc5 Kg4 49. Bd6 Kf5 50. Be5 f6 51. Bxf6 h5 52. Bd4 h4 53.
Bf2 h3 54. Bg3 Kg4 55. Bh2 Be6 56. f5 Kxf5 57. c3 Bc4 58. Ka1 Kxg5 59. Kb2 Kg4 0-1

[Event "*** Titled Tuesday Blitz"]
[Site "Chess.com"]
[Date "2020.05.19"]
[Round "2"]
[White "jeetjain"]
[Black "AlexVanGog"]
[Result "1/2-1/2"]
[WhiteElo "2359"]
[BlackElo "2601"]
[TimeControl "180+1"]
[EndTime "12:19:24 PDT"]
[Termination "Game drawn by repetition"]

1. e4 c5 2. Nf3 e6 3. d4 cxd4 4. Nxd4 Nc6 5. Nc3 Qc7 6. Be3 a6 7. Qd2 Nf6 8. f4 Bb4 9. Bd3 Na5 10. a3 Bxc3 11. Qxc3 Qxc3+ 12. bxc3 d5 13. exd5 Nxd5 14. Bd2 Nb6 15. Rb1 Nbc4 16. Nb3 Nxd2 17. Kxd2 Nxb3+ 18.
Rxb3 b5 19. c4 bxc4 20. Bxc4 Ke7 21. Rhb1 Rd8+ 22. Ke3 Ra7 23. Rb6 Rc7 24. Bxa6 Bxa6 25. Rxa6 Rc3+ 26. Ke2 Rxc2+ 27. Kf3 Rd3+ 28. Ke4 Rd7 29.
Kf3 f5 30. Rb3 Rdd2 31. Ra7+ Kf6 32. Ke3 Rxg2 33. Rbb7 g5 34. Rf7+ Kg6 35. Rg7+ Kh5 36. Rxh7+ Kg4 37. h3+ Kg3 38. fxg5 e5 39. Kd3 Rgd2+ 40.
Ke3 Re2+ 41. Kd3 Red2+ 42. Ke3 f4+ 43. Ke4 Re2+ 44. Kd5 Rcd2+ 45. Ke6 f3 46. g6 f2 47. Raf7 Rd8 48. g7 Red2 49. Rh8 R2d6+ 50. Kxe5 Rd5+ 51.
Ke4 Rd4+ 52. Ke5 R8d5+ 53. Ke6 Rd6+ 54. Ke5 R6d5+ 55. Ke6 Rd6+ 56. Ke5 R6d5+ 1/2-1/2

[Event "*** Titled Tuesday Blitz"]
[Site "Chess.com"]
[Date "2020.05.19"]
[Round "2"]
[White "Vuk2000"]
[Black "ahappypawn"]
[Result "1/2-1/2"]
[WhiteElo "2617"]
[BlackElo "2325"]
[TimeControl "180+1"]
[EndTime "12:19:24 PDT"]
[Termination "Game drawn by repetition"]

1. e4 e5 2. Nf3 Nc6 3. d4 exd4 4. Nxd4 Nf6 5. Nxc6 bxc6 6. Bd3 d6 7. O-O Be7 8. Nc3 O-O 9. h3 Nd7 10. Be3 Ne5 11.
Be2 f5 12. f4 Ng6 13. exf5 Bxf5 14. g4 Bd7 15. Bd3 Qe8 16. Qd2 Qf7 17. Rae1 Bh4 18. Re2 Rae8 19. f5 Ne5 20. Bg5 Bxg5 21. Qxg5 c5 22.
Be4 c6 23. Rd1 d5 24. Nxd5 cxd5 25. Bxd5 Qxd5 26. Rxd5 Nf3+ 27. Kg2 Nxg5 28. Rxe8 Bxe8 29. Rxc5 Bf7 30. b3 Rd8 31. h4 Ne4 32. Rc7 a5 33.
c4 h6 34. Kf3 Nc3 35. g5 hxg5 36. hxg5 Bh5+ 37. Kf4 Re8 38. a3 g6 39. f6 Re4+ 40.
Kg3 Rg4+ 41. Kf2 Rxg5 42. Ke3 Nd1+ 43. Kd2 Rg2+ 44. Kd3 Rg3+ 45. Kc2 Rc3+ 46. Kd2 Rxb3 47. c5 Rxa3 48. c6 Bf3 49. Rg7+ Kf8 50. c7 Bb7 51. Rd7 Nf2 52. Rd8+ Kf7 53. Rb8 Ba6 54. Ra8 Bb7 55. Rb8 Ba6 56. Ra8 Bb7 57. Rb8 1/2-1/2

[Event "*** Titled Tuesday Blitz"]
[Site "Chess.com"]
[Date "2020.05.19"]
[Round "2"]
[White "Bastiandash"]
[Black "killer311"]
[Result "1-0"]
[WhiteElo "2188"]
[BlackElo "2402"]
[TimeControl "180+1"]
[EndTime "12:19:24 PDT"]
[Termination "Bastiandash won by checkmate"]

1. d4 d5 2. Nf3 Nf6 3. c3 c6 4.
Bg5 Bf5 5. e3 e6 6. Bd3 Bxd3 7.
Qxd3 Ke7 8. Nbd2 h6 9. Bh4 g5 10. Bg3 Bg7 11. e4 dxe4 12. Nxe4 Nxe4 13. Qxe4 Qd5 14.
Qe2 Nd7 15. Kf1 Rhe8 16. h4 g4 17. Nd2 h5 18. Kg1 Kf8 19. Kh2 c5 20. dxc5 Nxc5 21. Rad1 Rad8 22. Nb3 Qe4 23. Qb5 Nxb3 24. axb3 Qg6 25.
Qxb7 a5 26. Qc7 Rxd1 27. Rxd1 Qc2 28. Rd7 Qf5 29. Qf4 Qg6 30. Ra7 Kg8 31. Rxa5 e5 32. Qe3 e4 33. Rg5 Qh6 34. Qf4 Kf8 35.
Rf5 Qg6 36. Rg5 Qh6 37. Rf5 Qg6 38. Qg5 Qxg5 39. Rxg5 e3 40. fxe3 Rxe3 41. Rxh5 Re2 42.
Rb5 Rxb2 43. c4 Bd4 44. c5 Rb1 45. Bf4 Kg7 46. c6 Rb2 47. c7 Rc2 48. Rb8 g3+ 49. Kxg3 Rc3+ 50. Kg4 Bf2 51. c8=Q Rxc8 52. Rxc8 Bd4 53.
b4 Bf2 54. b5 Bd4 55. Rc6 Bf2 56.
b6 Bxb6 57. Rxb6 Kh7 58. Kf5 Kg7 59. h5 Kh7 60. g4 Kg7 61. Rb7 Kh7 62. Rxf7+ Kg8 63.
Kg6 Kh8 64. Rf8# 1-0

[Event "*** Titled Tuesday Blitz"]
[Site "Chess.com"]
[Date "2020.05.19"]
[Round "2"]
[White "dosto07"]
[Black "Pudor"]
[Result "0-1"]
[WhiteElo "2062"]
[BlackElo "2394"]
[TimeControl "180+1"]
[EndTime "12:19:24 PDT"]
[Termination "Pudor won on time"]

1. e4 c5 2. Nf3 Nc6 3. Bb5 Qb6 4. Nc3 e6 5. O-O a6 6. Bxc6 Qxc6 7. d4 cxd4 8. Qxd4 f6 9. a4 Bc5 10. Qd3 Ne7 11. Be3 O-O 12. Nd4 Qc7 13. f4 b6 14.
Rae1 Bb7 15. Kh1 Nc6 16. Nb3 Bxe3 17. Qxe3 Nb4 18. Qd2 Rfd8 19. Nd4 Rac8 20. Re3 Qc4 21. Rfe1 d5 22. e5 fxe5 23. Rxe5 Nc6 24. Nxc6 Rxc6 25. f5 d4 26. Rxe6 Rxe6 27. fxe6 Re8 28. Nd1 Rxe6 29. b3 Rxe1+ 30. Qxe1 Qc6 31. Qf1 Qxc2 32. h3 Bxg2+ 33. Qxg2 Qxd1+ 34. Kh2 h6 35.
Qd5+ Kh7 36. Qf5+ Kh8 37. Qf8+ Kh7 38. Qf5+ Kg8 39. Qe6+ Kf8 40. Qxb6 Qe2+ 41. Kg3 Qe3+ 42. Kg4 Qe4+ 43. Kg3 d3 44. Qb8+ Kf7 45. Qc7+ Kg6 46.
Qd6+ Kh5 47. h4 Qxh4+ 48. Kf3 Qf6+ 49. Qxf6 gxf6 50. Ke3 d2 51. Kxd2 Kg4 52. b4 f5 53.
b5 f4 54. bxa6 Kg3 55. a7 f3 56. a8=Q h5 57. Ke1 h4 58. Kf1 h3 59. Qg8+ Kh2 60.
Kf2 Kh1 61. Kxf3 h2 62. Kg3 Kg1 0-1

[Event "*** Titled Tuesday Blitz"]
[Site "Chess.com"]
[Date "2020.05.19"]
[Round "2"]
[White "EvgenyRomanov"]
[Black "realmadridtv"]
[Result "1-0"]
[WhiteElo "2683"]
[BlackElo "2467"]
[TimeControl "180+1"]
[EndTime "12:19:25 PDT"]
[Termination "EvgenyRomanov won by resignation"]

1. d4 Nf6 2. c4 e6 3. Nf3 d5 4. Nc3 dxc4 5. e4 b5 6. e5 Nd5 7. Nxb5 Nb6 8. Nc3 Nc6 9. Bg5 Be7 10. Bxe7 Qxe7 11. Be2 Bb7 12. O-O Nb4 13. a3 N4d5 14.
Ne4 Nf4 15. Nc5 Bd5 16. Qd2 Nxe2+ 17. Qxe2 O-O 18. Nd2 f5 19. Nb1 Nd7 20. Nxd7 Qxd7 21. Nc3 c6 22. Rfd1 Rab8 23. Rd2 Rb3 24. Rc1 Rfb8 25.
Na4 Qe7 26. Nc5 Qg5 27. f4 Qxf4 28. Nxb3 Rxb3 29. Rc3 h5 30. Rxb3 cxb3 31. h3 h4 32. Qf2 Qe4 33. Re2 Qb1+ 34. Qe1 Qd3 35. Rd2 Qc4 36.
Kh2 c5 37. Qxh4 Qc1 38. Qd8+ Kf7 39. Rf2 cxd4 40. Rxf5+ exf5 41. Qxd5+ Kg6 42. Qxd4 f4 43. e6 Qe3 44. Qxe3 fxe3 45. Kg3 Kf6 46. Kf3 e2 47. Kxe2 Kxe6 48. Ke3 Ke5 49. Kd3 a5 50. a4 Kf4 51.
Kc4 Kg3 52. Kb5 Kxg2 53. Kxa5 Kxh3 54. Kb4 g5 55. a5 g4 56. a6 g3 57. a7 g2 58.
a8=Q g1=Q 59. Qh8+ Kg2 60. Qg8+ Kf1 61. Qxg1+ Kxg1 62. Kxb3 1-0

[Event "*** Titled Tuesday Blitz"]
[Site "Chess.com"]
[Date "2020.05.19"]
[Round "2"]
[White "Rozum_Ivan"]
[Black "lamomiablanca"]
[Result "1-0"]
[WhiteElo "2594"]
[BlackElo "2171"]
[TimeControl "180+1"]
[EndTime "12:19:25 PDT"]
[Termination "Rozum_Ivan won on time"]

1. d4 d6 2. g3 e5 3. dxe5 dxe5 4. Qxd8+ Kxd8 5. Bg2 c6 6. Be3 Be6 7. Nd2 Nd7 8. O-O-O Kc7 9. f4 Bc5 10. Bxc5 Nxc5 11.
Ngf3 exf4 12. gxf4 f6 13. Nd4 Bf7 14. Nf5 Ne6 15. e3 g6 16. Ng3 f5 17. Nc4 Nf6 18. Ne5 Rhf8 19. h4 Rad8 20. h5 Rxd1+ 21. Rxd1 Be8 22.
hxg6 hxg6 23. Rh1 Nd7 24. Nf3 Kd6 25. Bf1 b5 26. Be2 Ke7 27. b4 a6 28. Bd3 Kf6 29. c4 Kg7 30. c5 Rh8 31. Rxh8 Kxh8 32. Ne2 Kg7 33. Bc2 Kf6 34. Bb3 Bf7 35. Kd2 Bg8 36. Kc3 Bf7 37. a3 Bg8 38. Ned4 Nb8 39. Bxe6 Bxe6 40.
Ne5 Bd5 41. Nb3 g5 42. Nd4 g4 43. Ne2 Ke6 44. Ng3 Kf6 45. Kd4 Ke6 46. Ng6 Kf6 47. Nh4 Ke6 48. Nhxf5 Kf6 49. e4 Be6 50. Ne3 Nd7 51. f5 Bf7 52. Nxg4+ Kg5 53. Ne5 Nf6 54. Nxf7+ 1-0

[Event "*** Titled Tuesday Blitz"]
[Site "Chess.com"]
[Date "2020.05.19"]
[Round "2"]
[White "Justinz"]
[Black "A-Fier"]
[Result "0-1"]
[WhiteElo "2333"]
[BlackElo "2733"]
[TimeControl "180+1"]
[EndTime "12:19:26 PDT"]
[Termination "A-Fier won on time"]

1. e4 Nf6 2. e5 Nd5 3. d4 d6 4. exd6 cxd6 5. c4 Nb6 6. Nc3 g6 7. h3 Bg7 8. Nf3 O-O 9. Be2 Nc6 10.
O-O Bf5 11. Be3 d5 12. c5 Nc4 13. Bc1 b6 14. b3 bxc5 15. bxc4 cxd4 16. Nxd5 d3 17.
Bxd3 Bxd3 18. Qxd3 Bxa1 19. Bh6 Bg7 20. Bxg7 Kxg7 21.
Rd1 Qa5 22. Nd4 Nxd4 23. Qxd4+ f6 24. Nxe7 Rad8 25. Nd5 Rf7 26. Rd2 Qa6 27. g4 Qe6 28. g5 Qxh3 29. gxf6+ Kh8 30. Rd3 Qf5 31. Re3 Rb8 32. Re5 Qf3 33. Re1 h5 34. Kh2 g5 35.
Re7 Rb1 36. Re8+ Kh7 37. Qe4+ Qxe4 38. Rxe4 Rb2 39. Kg2 Rxa2 40. Re7 Kg6 41. Re8 Rc2 42. Rc8 a5 43. Rc6 a4 44. Ne7+ Kh7 45. Nf5 a3 46.
Ne3 Rc3 47. Ra6 Kg6 48. Nd5 Rxc4 49. Rxa3 Rd4 50. Ra5 h4 51. f3 Kh5 52. Kf2 Rd2+ 53. Ke3 Rb2 54. Ke4 h3 55. Ra1 h2 56. Kf5 Re2 57. Rh1 Rf8 58. f4 g4 59. Ne7 g3 60. Ng6 Rxf6+ 61. Kxf6 Kg4 0-1

[Event "*** Titled Tuesday Blitz"]
[Site "Chess.com"]
[Date "2020.05.19"]
[Round "2"]
[White "Koalaskakistis"]
[Black "lelya96"]
[Result "1-0"]
[WhiteElo "2461"]
[BlackElo "2258"]
[TimeControl "180+1"]
[EndTime "12:19:26 PDT"]
[Termination "Koalaskakistis won by checkmate"]

1. f4 d5 2. Nf3 c5 3. g3 Nc6 4.
Bg2 g6 5. O-O Bg7 6. d3 e6 7. e4 Nge7 8. c3 O-O 9. Na3 a6 10. g4 f5 11. gxf5 exf5 12. e5 h6 13. d4 c4 14. Nc2 Be6 15. Be3 b5 16. Bf2 Rb8 17. a3 Qd7 18. h4 Kh7 19. h5 Nd8 20.
hxg6+ Nxg6 21. Ng5+ hxg5 22. Qh5+ Bh6 23. fxg5 Nf7 24.
gxh6 Nxh6 25. Bh4 Nxh4 26. Qxh4 Rg8 27. Kf2 Rg4 28. Qh5 Rbg8 29. Bf3 R4g5 30. Qh4 R8g6 31. Rh1 Qg7 32. Ne3 Kg8 33. Rh2 Ng4+ 34. Bxg4 fxg4 35.
Qg3 Kf7 36. Ke2 Ke7 37. Rah1 Qf8 38. Rh7+ Rg7 39. Qg2 g3 40. Nxd5+ Bxd5 41. Qxd5 Qf2+ 42. Kd1 g2 43. Qd6+ Kf7 44. e6+ Kg6 45. e7+ Kf5 46. Qe5+ Kg4 47. Qe4+ Qf4 48. R7h4+ Kg3 49. Qxf4# 1-0

[Event "*** Titled Tuesday Blitz"]
[Site "Chess.com"]
[Date "2020.05.19"]
[Round "2"]
[White "THE_PLAYER6"]
[Black "fighter2jz"]
[Result "0-1"]
[WhiteElo "2502"]
[BlackElo "2760"]
[TimeControl "180+1"]
[EndTime "12:19:27 PDT"]
[Termination "fighter2jz won by checkmate"]

1. d4 Nf6 2. c4 g6 3. Nc3 d5 4. Nf3 Bg7 5. h4 c6 6. cxd5 cxd5 7. Bf4 Nc6 8. e3 O-O 9. Qb3 b6 10. Rc1 Bb7 11. Be2 Rc8 12. O-O e6 13. Nb5 Ne4 14. Qa3 a6 15. Nd6 Nxd6 16. Qxd6 Qxd6 17. Bxd6 Rfd8 18.
Bf4 f6 19. Rfd1 Kf7 20. a3 Bf8 21. Rc3 Bd6 22. Bxd6 Rxd6 23. Rdc1 Ke8 24. b4 Kd7 25. Bd1 Na7 26. Rxc8 Nxc8 27. h5 Ne7 28. hxg6 hxg6 29.
Nd2 Bc6 30. Bc2 Bb5 31. a4 Bc4 32. Nxc4 dxc4 33. b5 axb5 34. axb5 Nd5 35. Bxg6 c3 36. Be4 f5 37. Bf3 Ke7 38. Kf1 Rd7 39. Ke2 Nc7 40. Bc6 Rd8 41. Rxc3 Kd6 42. Rc2 Rh8 43. f3 Rh2 44.
Kf2 Rh1 45. Kg3 Re1 46. Kf2 Rd1 47. g4 fxg4 48. fxg4 Rb1 49. Kf3 e5 50. Ke4 exd4 51. exd4 Ne6 52. Rg2 Re1+ 53. Kf5 Nxd4+ 54. Kf6 Rf1+ 55.
Kg7 Ne6+ 56. Kh6 Rh1+ 57. Kg6 Nf4+ 58. Kf5 Nxg2 59. Bxg2 Rg1 60. Bc6 Rf1+ 61. Kg6 Ke5 62. g5 Rg1 63. Kh6 Rg3 64. g6 Kf6 65. Be4 Rh3# 0-1

[Event "*** Titled Tuesday Blitz"]
[Site "Chess.com"]
[Date "2020.05.19"]
[Round "2"]
[White "Yuri202062"]
[Black "Maybe00"]
[Result "0-1"]
[WhiteElo "2466"]
[BlackElo "2685"]
[TimeControl "180+1"]
[EndTime "12:19:27 PDT"]
[Termination "Maybe00 won on time"]

1. d4 d5 2. c4 c6 3. Nc3 Nf6 4. e3 e6 5. Nf3 Nbd7 6. Bd3 dxc4 7. Bxc4 b5 8. Bd3 Bb7 9. a4 b4 10. Ne4 c5 11. Nxf6+ Nxf6 12. dxc5 Bxc5 13. Qe2 O-O 14. e4 Qb8 15. O-O a5 16. Nd2 Rd8 17. Nb3 Be7 18. h3 Rxd3 19. Qxd3 Ba6 20. Qc2 Bxf1 21. Kxf1 Qh2 22. Qc6 Rd8 23. Be3 Qh1+ 24. Ke2 Qxg2 25.
Rd1 Rxd1 26. Kxd1 Bf8 27. Qa8 Nxe4 28. Kc2 Qg6 29. Kc1 Qf5 30. Nxa5 g5 31. Nb3 Kg7 32. a5 Nxf2 33. Bd4+ e5 34. Bxf2 Qxf2 35. Qd5 Qe3+ 36. Kc2 h5 37. a6 g4 38. hxg4 hxg4 39. a7 Qxa7 40. Qxe5+ f6 41. Qe6 Qc7+ 42. Kb1 g3 43. Qg4+ Kf7 44. Nd4 Qe5 45. Qd7+ Be7 46. Nc6 Qe4+ 47.
Kc1 g2 48. Nd8+ Kg6 49. Qe8+ Kg5 50. Qg8+ Kf4 51. Ne6+ Qxe6 52. Qxe6 g1=Q+ 53. Kc2 Qc5+ 54. Kb3 Qe5 55. Qc4+ Qe4 56. Qc7+ Kf3 57. Ka4 f5 0-1

[Event "*** Titled Tuesday Blitz"]
[Site "Chess.com"]
[Date "2020.05.19"]
[Round "2"]
[White "MikeSailer"]
[Black "alenee"]
[Result "0-1"]
[WhiteElo "2067"]
[BlackElo "2392"]
[TimeControl "180+1"]
[EndTime "12:19:27 PDT"]
[Termination "alenee won by resignation"]

1. d4 c5 2. e3 Nf6 3. Nf3 g6 4. Be2 Bg7 5. O-O O-O 6. b3 cxd4 7. exd4 d5 8. Bf4 Nc6 9. c3 Bg4 10. Nbd2 Bxf3 11. Nxf3 Ne4 12. Rc1 Rc8 13. Nd2 Nd6 14.
Nf3 Nf5 15. Ne5 e6 16. Nxc6 Rxc6 17. Be5 Qc8 18. Bxg7 Kxg7 19. c4 dxc4 20. bxc4 Rd8 21.
d5 exd5 22. cxd5 Rxc1 23. Qxc1 Qxc1 24. Rxc1 Rxd5 25. Rc7 Rd2 26. Bc4 Rd1+ 27. Bf1 Nd6 28. f3 Kf6 29. a4 Ra1 30. Kf2 Rxa4 31. Bd3 Ra2+ 32. Kg3 Rb2 33. h4 h5 34. Rd7 Ke6 35. Rd8 a5 36. Ra8 Ra2 37. Kf4 Ra4+ 38. Ke3 b6 39. Be2 Rxh4 40. Rb8 Rb4 41. g4 h4 42. f4 f5 43. g5 h3 44. Rh8 Rb3+ 45. Bd3 a4 46. Rxh3 a3 47. Kd4 Rb4+ 48. Kc3 Rxf4 49. Re3+ Kd5 50. Kb3 Ne4 51. Kxa3 Nxg5 52.
Kb3 Ne4 53. Bc4+ Kc5 54. Rd3 Rf3 55. Rxf3 Nd2+ 56. Kc3 Nxf3 57. Kd3 Ne5+ 0-1

[Event "*** Titled Tuesday Blitz"]
[Site "Chess.com"]
[Date "2020.05.19"]
[Round "2"]
[White "Dr-Bassem"]
[Black "GianmarcoVaR"]
[Result "1-0"]
[WhiteElo "2792"]
[BlackElo "2511"]
[TimeControl "180+1"]
[EndTime "12:19:28 PDT"]
[Termination "Dr-Bassem won on time"]

1. e4 c6 2. d4 d5 3. exd5 cxd5 4. c4 Nf6 5. Nc3 e6 6. Nf3 Bb4 7. cxd5 Nxd5 8. Bd2 Nc6 9. Bd3 O-O 10. O-O Be7 11.
Re1 Re8 12. a3 Nxc3 13. bxc3 Bf6 14. Be4 Bd7 15. Qb1 g6 16. Qxb7 Rb8 17. Qa6 Rb6 18.
Qe2 Na5 19. Rab1 Qc7 20. Bd3 Nb3 21. Ne5 Bxe5 22. dxe5 Nxd2 23. Qxd2 Rc8 24. Rxb6 axb6 25. c4 Bc6 26. h4 Qe7 27. h5 Rd8 28. Re3 Qg5 29.
f3 Bxf3 30. hxg6 hxg6 31. Qf2 Bxg2 32. Rg3 Qxe5 33. Bxg6 Qd4 34. Bd3+ Kf8 35. Qxd4 Rxd4 36. Kxg2 e5 37. Re3 f5 38. Bxf5 Rxc4 39. Rxe5 Ra4 40. Re3 Rf4 41. Rf3 Rd4 42. Rb3 Rd6 43. Kf3 Ke7 44.
Ke4 Rh6 45. Ke5 Kd8 46. Rc3 Rh2 47. Rc8+ Ke7 48. Rc7+ Kd8 49. Ra7 Rd2 50. Be6 Rd3 51. a4 Re3+ 52. Kd6 Rc3 53. Bd5 Rc8 54. Rh7 1-0

[Event "*** Titled Tuesday Blitz"]
[Site "Chess.com"]
[Date "2020.05.19"]
[Round "2"]
[White "lucliasco"]
[Black "Kostya26"]
[Result "1/2-1/2"]
[WhiteElo "2660"]
[BlackElo "2370"]
[TimeControl "180+1"]
[EndTime "12:19:28 PDT"]
[Termination "Game drawn - insufficient material"]

1. b3 e5 2. Bb2 d6 3. e3 c6 4.
d4 exd4 5. Qxd4 Nf6 6. Nf3 Bf5 7. c4 Be7 8. Nc3 Qb6 9. Qd2 Nbd7 10. Be2 O-O 11. O-O Rad8 12. Nd4 Bg6 13. Rad1 Nc5 14.
Qc1 Nce4 15. Nxe4 Nxe4 16. Bd3 Bf6 17. Ne2 Bxb2 18. Qxb2 Nc5 19. Bxg6 hxg6 20. Nc3 Rd7 21. Rd2 Rfd8 22. Rfd1 Ne6 23. Na4 Qc7 24. g3 d5 25.
cxd5 Rxd5 26. Nc3 Rxd2 27. Rxd2 Rd7 28. Kg2 Qd8 29. Rxd7 Qxd7 30. Ne4 Qd5 31. f3 Ng5 32. Nxg5 Qxg5 33. Qd4 a6 34. a4 Qa5 35. g4 Qc7 36.
h4 b5 37. h5 gxh5 38. gxh5 c5 39. Qg4 Kh7 40. Qe4+ g6 41. axb5 axb5 42. hxg6+ fxg6 43.
Qh4+ Kg7 44. Kf2 c4 45. Qd4+ Kh7 46. bxc4 bxc4 47. Qc3 Qh2+ 48. Kf1 Qh1+ 49. Ke2 Qg2+ 50. Ke1 Qxf3 51. Qe5 Kh6 52. Kd2 Qg2+ 53. Kc3 Qf1 54. Qh8+ Kg5 55. Qe5+ Kh6 56. Qh2+ Kg5 57. Qg3+ Kf5 58.
e4+ Kxe4 59. Qxg6+ Ke3 60. Qe6+ Kf2 61. Qf5+ Kg1 62.
Qg5+ Qg2 63. Qe3+ Kh2 64. Qh6+ Qh3+ 65. Qxh3+ Kxh3 66. Kxc4 1/2-1/2

[Event "*** Titled Tuesday Blitz"]
[Site "Chess.com"]
[Date "2020.05.19"]
[Round "2"]
[White "pavelalexandru07"]
[Black "MartinCerveny"]
[Result "0-1"]
[WhiteElo "2227"]
[BlackElo "2451"]
[TimeControl "180+1"]
[EndTime "12:19:28 PDT"]
[Termination "MartinCerveny won by resignation"]

1. e4 c5 2. Nf3 d6 3. d4 cxd4 4. Nxd4 Nf6 5. Nc3 a6 6. Bg5 e6 7.
f4 Qc7 8. Qf3 b5 9. O-O-O b4 10.
Nce2 Bb7 11. Bxf6 gxf6 12. f5 e5 13. Nb3 a5 14. Kb1 a4 15. Nbc1 h5 16. c3 Qc6 17.
Rd5 Qb6 18. Rd1 b3 19. a3 Nd7 20. Nd3 Qc6 21. Ng3 h4 22. Nb4 Qb6 23. Ne2 Ra5 24.
c4 Bh6 25. Nc3 Qe3 26. Qxe3 Bxe3 27. Nbd5 Bd4 28. Be2 Rg8 29. Bf3 Rc5 30. Nb5 Bxd5 31. exd5 Ke7 32. Nxd4 exd4 33. Rxd4 Ne5 34. Re1 h3 35. g3 Rgc8 36. Be2 Rh8 37. Rc1 Kd8 38. Re1 Kc7 39. Rc1 Kb6 40. Rh4 Rxh4 41. gxh4 Rc8 42. Rc3 Rg8 43. Kc1 Rg2 44. Kd2 Rxh2 45. h5 Ng4 46. Rg3 Nh6 47. Ke3 Nxf5+ 48. Kf4 Nxg3 49. h6 Rxe2 50. h7 Re8 51. Kxg3 Rh8 52. Kxh3 Rxh7+ 53. Kg4 Kc5 54. Kf5 Rh2 55. Kxf6 Rxb2 56. Kxf7 Re2 0-1

[Event "*** Titled Tuesday Blitz"]
[Site "Chess.com"]
[Date "2020.05.19"]
[Round "2"]
[White "Zmeeed63"]
[Black "FrankieJay"]
[Result "1-0"]
[WhiteElo "2200"]
[BlackElo "2403"]
[TimeControl "180+1"]
[EndTime "12:19:28 PDT"]
[Termination "Zmeeed63 won by checkmate"]

1. d4 Nf6 2. c4 g6 3. Nc3 Bg7 4.
Nf3 O-O 5. Bg5 d6 6. e3 h6 7.
Bh4 g5 8. Bg3 Nh5 9. Be2 f5 10.
Qd3 Nc6 11. Nd2 Nxg3 12. hxg3 e5 13. d5 e4 14. Qb1 Ne5 15. Qc2 Bd7 16. g4 fxg4 17.
Ncxe4 Bf5 18. Qb3 a5 19. Ng3 Bg6 20. e4 a4 21. Qa3 Qf6 22. Qe3 a3 23. Rb1 axb2 24.
a3 Ra6 25. Nh5 Bxh5 26. Rxh5 Rfa8 27. Rxb2 Nd3+ 28. Bxd3 Qxb2 29. e5 dxe5 30. Qe4 Rxa3 31. Qh7+ Kf8 32. Rxh6 Rxd3 33. Qxd3 Bxh6 34. Qf5+ Kg8 35.
Qe6+ Kh7 36. Qf7+ Bg7 37. Qf5+ Kg8 38. Qe6+ Kh8 39. Qxg4 Ra1+ 40. Ke2 Qd4 41. Qh5+ Kg8 42. Qe8+ Kh7 43. Qh5+ Bh6 44. Qf7+ Kh8 45. Qe8+ Kg7 46. Qe7+ Kg8 47. Qe8+ Bf8 48. Qg6+ Bg7 49. Qe8+ Kh7 50. Qh5+ Bh6 51. Qf7+ Kh8 52. Qe8+ Kg7 53. Qe7+ Kg6 54. Qe8+ Kf5 55. Qf7+ Kg4 56. Qf3+ Kh4 57. Qh3# 1-0